 Dungeon Crawl Stone Soup version 0.24.0-13-gcf9b319 (webtiles) character file.

Game seed: 8246957853233919757, levelgen mode: deterministic

1153 Fang the Covered (level 8, -4/51 HPs)
             Began as a Gargoyle Fighter on Dec 16, 2019.
             Slain by an ogre
             ... wielding a +0 giant club
              (13 damage)
             ... on level 7 of the Dungeon.
             The game lasted 00:07:05 (3653 turns).

Fang the Covered (Gargoyle Fighter)                 Turns: 3653, Time: 00:07:06

Health: -4/51      AC: 15    Str: 22    XL:     8   Next: 38%
Magic:  8/8        EV:  6    Int:  9    God:
Gold:   401        SH: 11    Dex:  9    Spells: 7/7 levels left

rFire    . . .     SeeInvis +   a - +1 war axe
rCold    . . .     Gourm    .   B - +1 shield
rNeg     + . .     Faith    .   b - +0 chain mail
rPois    ∞         Spirit   .   (no helmet)
rElec    +         Reflect  .   (no cloak)
rCorr    .         Harm     .   (no gloves)
MR       .....                  (no boots)
Stlth    ..........             (no amulet)
HPRegen  0.17/turn              q - ring of see invisible
MPRegen  0.11/turn              p - ring of wizardry (curse)

@: no status effects
A: negative energy resistance 1, electricity resistance, unbreathing,
petrification resistance, rot immunity, AC +5
a: no special abilities


You were on level 7 of the Dungeon.
You were hungry.

You visited 1 branch of the dungeon, and saw 5 of its levels.

You collected 401 gold pieces.

Inventory:

Hand Weapons
 a - a +1 war axe (weapon)
Armour
 b - a +0 chain mail (worn)
 B - a +1 shield (worn)
Jewellery
 p - a cursed ring of wizardry (right hand)
 q - a ring of see invisible (left hand)
Wands
 g - a wand of iceblast (13)
 o - a wand of polymorph (3)
 r - a wand of random effects (20)
Scrolls
 k - 3 scrolls of remove curse
 l - a scroll of magic mapping
Potions
 d - 2 potions of might
 f - a potion of agility
 i - a potion of curing
 j - a potion of mutation {unknown}
 n - a potion of magic {unknown}
Comestibles
 c - 3 rations


   Skills:
 + Level 6.2 Fighting
 + Level 4.6 Axes
 + Level 6.2 Armour
 + Level 6.2 Shields


You had 7 spell levels left.
You didn't know any spells.
Your spell library contained the following spells:

 Spells                   Type           Power        Failure   Level  Hunger
 Confusing Touch          Hex            #.....       97%         1    ##.....
 Confuse                  Hex            #.......     100%        3    ####...
 Gell's Gravitas          Tloc           #.........   100%        3    ####...
 Petrify                  Tmut/Erth      #.......     100%        4    #####..
 Metabolic Englaciation   Hex/Ice        #.........   100%        5    ######.
 Yara's Violent Unravell  Hex/Tmut       #.........   100%        5    ######.


Dungeon Overview and Level Annotations

Branches:
Dungeon (4/15)
 Temple: D:4-7

Altars:


Innate Abilities, Weirdness & Mutations

You are resistant to torment.
Your stone body is resilient. (AC +5)
You are immune to poison.
You resist negative energy. (rN+)
You are resistant to electric shocks. (rElec)
You can survive without breathing.
You are immune to petrification.
You are immune to rotting.


Message History

You block the orc priest's attack.
You hit the orc priest.
The orc priest is lightly wounded.
Your chain mail prevents you from hitting the ogre.
The ogre hits you with a +0 giant club!
* * * LOW HITPOINT WARNING * * *
The orc priest hits you but does no damage.
The orc wizard gestures wildly while chanting.
The orc wizard flickers and vanishes for a moment.
You slash the orc priest!
The orc priest is almost dead.
You slash the ogre! The ogre hits you with a +0 giant club.
* * * LOW HITPOINT WARNING * * *
You block the orc priest's attack.
Your shield and chain mail prevent you from hitting the orc priest.
The orc priest is almost dead.
You barely miss the ogre. You block the orc priest's attack.
The orc wizard looks satisfied for a moment.
The ogre hits you with a +0 giant club!
You die...

..# #.. ..# #..#.
..# #..... ..#
#....#. .. .......
# #.#oo..... ##.
#.ho...# #...##o#
#..O@####.#
#....##......#
#.#. #.##.##### #
.. #.# ...#.. .#
(. #.# #.#.###.###
.. #.# #...#......
#. #.##>###.....#
#. #......#..<###
#.#####..###.#...#


You could see a black bear, an ogre, an orc priest, an orc wizard (invisible)
and 2 orcs.

Vanquished Creatures
  A phantom (D:7)
  An ice beast (D:7)
  An ogre (D:4)
  5 big kobolds (D:3)
  Blork the orc (D:4)
  A hound (D:4)
  An orc wizard (D:4)
  Crazy Yiuf (D:3)
  An orc priest (D:4)
  Ijyb (D:3)
  Terence (D:2)
  Natasha (thrice) (D:3)
  2 worker ants (D:4)
  Robin (D:3)
  2 gnolls (D:3)
  3 adders
  4 worms
  A dart slug (D:2)
  4 leopard geckos
  3 orcs
  7 bats
  4 giant cockroaches
  8 goblins
  10 hobgoblins
  7 jackals
  54 kobolds
  3 quokkas
  A ball python (D:4)
  3 frilled lizards
  6 rats
141 creatures vanquished.

Notes
Turn   | Place    | Note
-------+----------+-------------------------------------------
     0 | D:1      | Fang the Gargoyle Fighter began the quest for the Orb.
     0 | D:1      | Reached XP level 1. HP: 14/14 MP: 1/1
   216 | D:1      | Reached XP level 2. HP: 19/19 MP: 2/2
   746 | D:1      | Reached XP level 3. HP: 23/23 MP: 3/3
   976 | D:2      | Noticed Terence
   992 | D:2      | Killed Terence
   992 | D:2      | Reached XP level 4. HP: 18/29 MP: 4/4
  1366 | D:3      | Noticed Ijyb
  1417 | D:3      | Killed Ijyb
  1417 | D:3      | Reached XP level 5. HP: 32/33 MP: 5/5
  1430 | D:3      | Noticed Natasha
  1437 | D:3      | Killed Natasha
  1471 | D:3      | Noticed Robin
  1483 | D:3      | Killed Robin
  1976 | D:3      | Noticed Natasha
  1997 | D:3      | Killed Natasha
  2124 | D:3      | Noticed a big kobold
  2133 | D:3      | Noticed Natasha
  2138 | D:3      | Killed a big kobold
  2138 | D:3      | Reached XP level 6. HP: 28/39 MP: 6/6
  2263 | D:3      | Killed Natasha
  2361 | D:3      | Reached skill level 5 in Shields
  2368 | D:3      | Reached skill level 5 in Fighting
  2368 | D:3      | Reached skill level 5 in Armour
  2368 | D:3      | Reached XP level 7. HP: 43/44 MP: 7/7
  2620 | D:3      | Found a runed translucent door.
  2621 | D:3      | Noticed Crazy Yiuf
  2818 | D:3      | Killed Crazy Yiuf
  3197 | D:4      | Noticed Blork the orc
  3207 | D:4      | Killed Blork the orc
  3207 | D:4      | Reached XP level 8. HP: 32/51 MP: 8/8
  3239 | D:4      | You fall into a shaft and drop 3 floors!
  3653 | D:7      | Slain by an ogre

Levels and vault maps discovered:
D:1:      mushboom_english_gardens, layout_loops_corners
D:2:      layout_rooms, minivault_19, kennysheep_generic_room_12, uniq_terence
D:3:      minmay_goblin_kobold_castle, layout_loops_ring,
          uniq_crazy_yiuf_cottage, uniq_robin, uniq_ijyb, uniq_natasha
D:4:      layout_rooms, first_ration, uniq_blork_the_orc
D:7:      layout_loops_ring, tso_metal_star, uniq_menkaure

Skill      XL: |  1  2  3  4  5  6  7  8 |
---------------+-------------------------+-----
Axes           | 2 3 4 |  4.6
Fighting       | 4 5 6 |  6.2
Shields        | 4 5 6 |  6.2
Armour         | 4 5 6 |  6.2

Action                   |  1- 3 |  4- 6 |  7- 9 || total
-------------------------+-------+-------+-------++-------
Melee: War axe           |   121 |   286 |   168 ||   575
       Unarmed           |     6 |     1 |       ||     7
  Use: Scroll            |       |       |    12 ||    12
  Eat: Chunk             |     1 |     5 |     4 ||    10
Armor: Scale mail        |    71 |   105 |       ||   176
       Chain mail        |       |   107 |    88 ||   195
Dodge: Dodged            |    59 |   119 |    41 ||   219
Block: Shield            |    79 |   171 |    98 ||   348
